 Dungeon Crawl Stone Soup version 0.32-a0-120-gfac0567ad4 (webtiles) character file.

Game seed: 13832655039026060999

38 Bravepunisher the Ducker (level 3, -7/19 HPs)
             Began as a Spriggan Monk on Feb 6, 2024.
             Killed from afar by a white imp (14 damage)
             ... with a puff of frost
             ... on level 6 of the Dungeon.
             The game lasted 00:05:56 (1046 turns).

Bravepunisher the Ducker (Spriggan Monk)            Turns: 1046, Time: 00:05:57

Health: -7/19      AC:  2    Str:  7    XL:     3   Next: 25%
Magic:  4/4        EV: 20    Int: 11    God:
Gold:   19         SH:  0    Dex: 19    Spells: 2/2 levels left

rFire   . . .        a - +0 short sword
rCold   . . .        (no shield)
rNeg    . . .        b - +0 robe
rPois   +            (helmet restricted)
rElec   .            (no cloak)
rCorr   .            (gloves unavailable)
SInv    +            (boots unavailable)
Will    .....        (no amulet)
Stlth   ++           c - ring of poison resistance
HPRegen 0.23/turn    (no ring)
MPRegen 0.09/turn

%: no passive effects
@: very quick
A: very small, no large weapons, unfitting armour, see invisible, speed 3
a: no special abilities


You were on level 6 of the Dungeon.
You visited 1 branch of the dungeon, and saw 6 of its levels.

You collected 19 gold pieces.

Inventory:

Hand Weapons
 a - a +0 short sword (weapon)
Armour
 b - a +0 robe (worn)
Jewellery
 c - a ring of poison resistance (left hand)
Scrolls
 d - a scroll of vulnerability {unknown}


   Skills:
 + Level 2.9 Fighting
 - Level 3.2 Short Blades
 * Level 5.3 Dodging


You had 2 spell levels left.
You didn't know any spells.
Your spell library was empty.

Dungeon Overview and Level Annotations

Branches:
Dungeon (6/15)
 Temple: D:4-7

Altars:
Trog

Portals:
Sewer: D:4

Annotations:
D:3 Natasha
D:4 3 runed translucent doors, BubbleThief's ghost, amateur NaAl


Innate Abilities, Weirdness & Mutations

You are very small and have problems with some larger weapons.
You are too small for most types of armour.
You have supernaturally acute eyesight. (SInv)
You cover ground extremely quickly. (Speed+++)


Message History

Found a leather armour.
The hound barks!
A hound comes into view.
The adder attacks as it pursues you! The adder completely misses you.
The hound barks!
The adder bites you. The hound bites you but does no damage.
The hound attacks as it pursues you! The hound bites you.
You enter the shallow water.
Moving in this stuff is going to be slow.
A bombardier beetle comes into view.
Found a book of Sloth.
Found a stone staircase leading down.
Found 13 gold pieces and 6 poisoned darts.
A hound comes into view.
An adder and an iguana come into view.
The hound barks!
There is a stone staircase leading down here.
You climb downwards.
The ogre shouts!
You hear a shout!
The white imp barely misses you.
Found a ring mail.
Found a stone staircase leading down.
There is a stone staircase leading up here.
Found 11 gold pieces.
A white imp comes into view.
Found 14 gold pieces.
The white imp attacks as it pursues you!
The white imp misses you.
Found 19 gold pieces.
The white imp shouts!
The white imp gestures at you. The puff of frost hits you.
The white imp grins evilly.
The white imp gestures at you. The puff of frost hits you.
The white imp puffs mist at you. The white imp gestures at you.
The puff of frost hits you!
Ouch! That really hurt!
You die...

#..<.....#.#
#...##.#...#
.......[#..$..# .
......##..5....#...
...>...............
.......O.....#..5..
....####..#..#.#$..
..#. #.....# # ..
##$##@# . #+ #.#
..# ...# ....#
.....# ......#
#.######


You could see an ogre and a white imp.

Vanquished Creatures
  2 adders
  A ribbon worm (D:2)
  An orc (D:3)
  An endoplasm (D:4)
  3 jackals (D:2)
  A kobold (D:4)
  A quokka (D:4)
  2 ball pythons (D:2)
  2 frilled lizards (D:2)
  5 rats (D:4)
19 creatures vanquished.

Notes
Turn   | Place    | Note
-------+----------+-------------------------------------------
     0 | D:1      | Bravepunisher the Spriggan Monk began the quest for the
                  | Orb.
     0 | D:1      | Reached XP level 1. HP: 11/11 MP: 2/2
   273 | D:2      | Reached XP level 2. HP: 8/16 MP: 3/3
   370 | D:3      | Noticed Natasha
   509 | D:4      | Reached skill level 5 in Dodging
   512 | D:5      | Entered Level 5 of the Dungeon
   512 | D:5      | Noticed a bombardier beetle
   569 | D:6      | Noticed a phantom
   692 | D:5      | Noticed a scorpion
   741 | D:4      | Found a runed translucent gate.
   741 | D:4      | Found a runed translucent gate.
   741 | D:4      | Noticed BubbleThief's ghost (amateur NaAl)
   742 | D:4      | Found a runed translucent gate.
   881 | D:4      | Found a glowing drain.
   886 | D:4      | Found a bloodstained altar of Trog.
   886 | D:4      | Noticed a moth of wrath
   949 | D:4      | Reached XP level 3. HP: 19/19 MP: 4/4
  1036 | D:6      | Noticed an ogre
  1046 | D:6      | Killed from afar by a white imp

Illustrated notes

Levels and vault maps discovered:
D:1:      dpeg_arrival_caged_fury, layout_basic, minivault_5
D:2:      layout_loops_ring, patterned_corridor
D:3:      layout_basic, mainiacjoe_overflow_surrounded_room,
          kennysheep_generic_room_15, uniq_natasha
D:4:      layout_loops_ring, tgw_trog, chequers_temple_overflow_minitemple,
          minmay_temple_entry_poolview, cheibrodos_sewer_entry_bend,
          nicolae_ossuary_entry_ruins, gammafunk_ghost_necromancy
D:5:      layout_basic, serial_bayou, serial_bayou_shore_a, serial_bayou_pond_a,
          serial_bayou_lagoon_a, serial_bayou_pond_a, serial_bayou_shore_b,
          serial_bayou_pond_b
D:6:      layout_basic, eat_drink_and_be_merry_uskayaw, serial_shops,
          nicolae_shop_gibbet_a_chance, uniq_jeremiah

Skill      XL: |  1  2 |
---------------+-------+-----
Dodging        | 5 |  5.3
Fighting       | |  2.9
Short Blades   | |  3.2

Action                     || total
---------------------------++-------
  Melee: Short sword       ||    83
         Punch             ||     1
    Use: Scroll            ||     2
         Potion            ||     2
   Stab: Sleeping          ||     5
 Armour: Robe              ||    37
  Dodge: Dodged            ||    83

Table legend: (Time is in decaauts)
 A = Elapsed time spent in this place.
 B = Non-inter-level travel time spent in this place.
 C = Inter-level travel time spent in this place.
 D = Time resting spent in this place.
 E = Time spent auto-exploring this place.
 F = Levels seen in this place.
 G = Mean time per level.
                   A        B        C        D        E       F      G
               +--------+--------+--------+--------+--------+-----+--------+
         Total |    688 |    664 |     24 |      0 |    212 |   6 |  114.7 |
       Dungeon |    688 |    664 |     24 |      0 |    212 |   6 |  114.7 |
               +--------+--------+--------+--------+--------+-----+--------+

Top non-repeatable levels by time:
     D:2: 251 daAuts
     D:4: 212 daAuts
     D:5: 159 daAuts
     D:3: 37 daAuts
     D:6: 19 daAuts
     D:1: 7 daAuts
